[ AOE2 MATCH · #458018239 ]
UnrankedPersians vs Italians
[ REPLAY ANALYSIS · EXTRACTED FROM THE RECORDED GAME ]
Feudal
13:32
Castle
17:51
Imperial
35:18
| APM avg | 18.3 |
| APM peak | 153 |
| eAPM avg | 15.8 |
| Villagers / military | 165 / 514 |
Focus
⚔️ 38.1% · 🌾 61.9%
Knight ×246 · Archer ×195 · Trebuchet (Packed) ×43 · Trade Cart ×23 · Camel Scout ×19 · Skirmisher ×5
Feudal
13:29
Castle
22:00
Imperial
45:48
| APM avg | 15.0 |
| APM peak | 34 |
| eAPM avg | 10.1 |
| Villagers / military | 81 / 354 |
Focus
⚔️ 35.4% · 🌾 64.6%
Skirmisher ×272 · Genoese Crossbowman ×24 · Spearman ×18 · Fishing Ship ×18 · Scout Cavalry ×11 · Knight ×8
Feudal
13:45
Castle
28:22
Imperial
43:29
| APM avg | 21.6 |
| APM peak | 70 |
| eAPM avg | 16.9 |
| Villagers / military | 180 / 711 |
Focus
⚔️ 37.8% · 🌾 62.2%
Scout Cavalry ×526 · Camel Scout ×113 · Skirmisher ×39 · Trade Cart ×32 · Knight ×13 · Archer ×9
Feudal
9:50
Castle
19:27
Imperial
35:13
| APM avg | 42.7 |
| APM peak | 87 |
| eAPM avg | 16.9 |
| Villagers / military | 166 / 484 |
Focus
⚔️ 39.3% · 🌾 60.7%
Mameluke ×165 · Archer ×109 · Spearman ×94 · Skirmisher ×55 · Trade Cart ×46 · Bombard Cannon ×26
Feudal
12:58
Castle
22:05
Imperial
34:23
| APM avg | 14.9 |
| APM peak | 77 |
| eAPM avg | 10.1 |
| Villagers / military | 110 / 581 |
Focus
⚔️ 36.8% · 🌾 63.2%
Scout Cavalry ×296 · Arambai ×196 · Battle Elephant ×80 · Fishing Ship ×17 · Trade Cart ×16 · Bombard Cannon ×5
Feudal
11:01
Castle
20:48
Imperial
41:51
| APM avg | 33.7 |
| APM peak | 99 |
| eAPM avg | 20.9 |
| Villagers / military | 133 / 404 |
Focus
⚔️ 38.6% · 🌾 61.4%
Chu Ko Nu ×253 · Scout Cavalry ×146 · Trade Cart ×48 · Militia ×4 · Monk ×1
Match map
Initial resources + every placement click. Lines = walls · curves = elevation contours. ◆ gold · ⬟ stone · ● berries · ✦ relic · ◌ wall gap
Your base· Open — unwalled flank
Cairo's base· Open — unwalled flank
AllweneedisU's base· Open — unwalled flank
Martín's base· Open — unwalled flank
Kuru Gotlu Lale's base· Open — unwalled flank
🎀Juri Matera🎀's base· Open — unwalled flank
Smoothed initial terrain · ◌ = detected wall gap · hover for details
Inputs per minute
— Karin - - Cairo
Build order — Karin
First 150 of 516 actions detected
| 0:01 | Create | Villager (Male) |
| 0:01 | Create | Villager (Male) |
| 0:02 | Create | Villager (Male) |
| 0:03 | Build | House |
| 0:05 | Build | House |
| 0:10 | Create | Villager (Male) |
| 0:10 | Create | Villager (Male) |
| 1:30 | Create | Villager (Male) |
| 1:54 | Create | Villager (Male) |
| 2:16 | Create | Villager (Male) |
| 2:35 | Build | Lumber Camp |
| 2:46 | Create | Villager (Male) |
| 3:17 | Create | Villager (Male) |
| 3:33 | Build | House |
| 3:50 | Build | Mill |
| 3:55 | Create | Villager (Male) |
| 3:56 | Create | Villager (Male) |
| 4:35 | Create | Villager (Male) |
| 5:34 | Create | Villager (Male) |
| 5:34 | Create | Villager (Male) |
| 5:34 | Create | Villager (Male) |
| 5:35 | Create | Villager (Male) |
| 6:43 | Create | Villager (Male) |
| 6:43 | Create | Villager (Male) |
| 6:44 | Create | Villager (Male) |
| 6:48 | Build | House |
| 6:58 | Build | Farm |
| 7:02 | Build | Farm |
| 7:06 | Build | Farm |
| 7:10 | Build | Farm |
| 7:32 | Create | Villager (Male) |
| 9:09 | Create | Villager (Male) |
| 9:10 | Create | Villager (Male) |
| 9:10 | Create | Villager (Male) |
| 9:32 | Build | House |
| 9:37 | Build | House |
| 9:40 | Build | House |
| 10:05 | Create | Villager (Male) |
| 10:06 | Create | Villager (Male) |
| 10:10 | Research | Loom |
| 10:11 | Research | Feudal Age |
| 10:31 | Build | Farm |
| 11:07 | Build | Farm |
| 11:08 | Build | Farm |
| 11:10 | Build | Farm |
| 11:47 | Build | Mining Camp |
| 11:55 | Create | Villager (Male) |
| 11:56 | Create | Villager (Male) |
| 12:28 | Create | Villager (Male) |
| 12:32 | Build | Farm |
| 13:32 | Age | Feudal Age |
| 13:35 | Build | Blacksmith |
| 13:49 | Create | Villager (Male) |
| 14:06 | Build | Barracks |
| 14:46 | Build | Stable |
| 14:58 | Create | Villager (Male) |
| 15:03 | Research | Horse Collar |
| 15:16 | Research | Castle Age |
| 15:37 | Build | Farm |
| 15:51 | Build | Farm |
| 15:53 | Build | Farm |
| 16:25 | Build | Farm |
| 16:26 | Build | Farm |
| 16:27 | Build | Farm |
| 16:40 | Research | Double-Bit Axe |
| 16:47 | Create | Villager (Male) |
| 17:05 | Create | Villager (Male) |
| 17:51 | Age | Castle Age |
| 17:54 | Build | Town Center |
| 17:58 | Create | Villager (Male) |
| 18:03 | Create | Knight |
| 18:05 | Create | Knight |
| 18:05 | Create | Knight |
| 19:59 | Create | Villager (Male) |
| 19:59 | Create | Villager (Male) |
| 20:04 | Create | Knight |
| 20:18 | Create | Villager (Male) |
| 20:19 | Create | Villager (Male) |
| 20:19 | Create | Villager (Male) |
| 20:22 | Research | Wheelbarrow |
| 20:24 | Research | Heavy Plow |
| 20:59 | Create | Knight |
| 21:03 | Create | Villager (Male) |
| 21:06 | Create | Villager (Male) |
| 21:06 | Create | Villager (Male) |
| 21:52 | Create | Villager (Male) |
| 21:53 | Create | Villager (Male) |
| 21:53 | Create | Villager (Male) |
| 21:53 | Create | Villager (Male) |
| 21:54 | Create | Villager (Male) |
| 22:17 | Create | Villager (Male) |
| 22:21 | Build | Farm |
| 22:22 | Build | Farm |
| 22:25 | Build | Farm |
| 22:26 | Build | Farm |
| 22:27 | Build | Farm |
| 23:09 | Build | Town Center |
| 23:20 | Build | Town Center |
| 23:27 | Research | Town Watch |
| 23:29 | Create | Villager (Male) |
| 23:29 | Create | Villager (Male) |
| 23:30 | Create | Villager (Male) |
| 23:30 | Create | Villager (Male) |
| 23:31 | Create | Villager (Male) |
| 23:37 | Build | Farm |
| 23:48 | Research | Bow Saw |
| 24:25 | Build | House |
| 24:33 | Build | House |
| 24:38 | Build | House |
| 24:46 | Build | House |
| 25:12 | Create | Villager (Male) |
| 25:15 | Create | Villager (Male) |
| 25:16 | Create | Villager (Male) |
| 25:16 | Create | Villager (Male) |
| 25:19 | Create | Villager (Male) |
| 25:26 | Create | Villager (Male) |
| 25:28 | Research | Hand Cart |
| 26:04 | Create | Villager (Male) |
| 26:05 | Create | Villager (Male) |
| 26:05 | Create | Villager (Male) |
| 26:06 | Create | Villager (Male) |
| 26:06 | Create | Villager (Male) |
| 26:06 | Create | Villager (Male) |
| 26:18 | Create | Villager (Male) |
| 26:33 | Build | Farm |
| 26:37 | Build | Farm |
| 26:44 | Build | Farm |
| 26:51 | Create | Villager (Male) |
| 26:54 | Create | Villager (Male) |
| 26:55 | Create | Villager (Male) |
| 27:01 | Build | Farm |
| 27:40 | Build | Lumber Camp |
| 28:01 | Build | Farm |
| 28:06 | Build | Farm |
| 28:07 | Build | Farm |
| 28:09 | Build | Farm |
| 28:17 | Create | Villager (Male) |
| 28:18 | Create | Villager (Male) |
| 28:18 | Create | Villager (Male) |
| 28:19 | Create | Villager (Male) |
| 28:20 | Create | Villager (Male) |
| 28:21 | Create | Villager (Male) |
| 28:21 | Create | Villager (Male) |
| 28:23 | Research | Town Patrol |
| 28:23 | Create | Villager (Male) |
| 28:25 | Build | House |
| 28:27 | Build | House |
| 28:28 | Build | House |
| 28:29 | Build | House |
| 28:31 | Build | House |
Build order — Cairo
First 150 of 379 actions detected
| 0:34 | Build | House |
| 0:35 | Build | House |
| 0:40 | Create | Villager (Male) ×4 |
| 0:40 | Research | Loom |
| 1:11 | Create | Villager (Male) |
| 1:11 | Create | Villager (Male) |
| 2:35 | Create | Villager (Male) |
| 3:53 | Create | Villager (Male) |
| 4:06 | Create | Villager (Male) |
| 4:07 | Create | Villager (Male) |
| 4:30 | Build | Mill |
| 4:40 | Create | Villager (Male) |
| 5:27 | Build | House |
| 5:28 | Build | House |
| 5:40 | Create | Villager (Male) |
| 6:28 | Build | Lumber Camp |
| 6:31 | Create | Villager (Male) |
| 6:32 | Create | Villager (Male) |
| 6:53 | Create | Villager (Male) |
| 7:40 | Create | Villager (Male) |
| 7:42 | Create | Villager (Male) |
| 7:48 | Create | Villager (Male) |
| 8:37 | Build | Barracks |
| 8:44 | Create | Villager (Male) |
| 8:49 | Create | Villager (Male) |
| 8:54 | Build | Mining Camp |
| 9:28 | Create | Villager (Male) |
| 9:51 | Create | Villager (Male) |
| 9:58 | Build | House |
| 9:59 | Build | House |
| 10:09 | Build | Mill |
| 10:54 | Build | Palisade Wall |
| 10:57 | Build | Palisade Wall |
| 11:00 | Build | Palisade Wall |
| 11:03 | Build | Palisade Wall |
| 11:06 | Build | Palisade Gate |
| 11:19 | Research | Feudal Age |
| 11:28 | Build | Farm |
| 11:28 | Build | Farm |
| 12:01 | Build | Farm |
| 12:27 | Build | Palisade Wall |
| 13:12 | Create | Villager (Male) |
| 13:12 | Create | Villager (Male) |
| 13:12 | Create | Villager (Male) |
| 13:29 | Age | Feudal Age |
| 13:31 | Create | Spearman |
| 13:31 | Create | Spearman |
| 13:32 | Create | Spearman |
| 13:35 | Create | Spearman |
| 14:12 | Create | Spearman |
| 14:20 | Build | Archery Range |
| 14:52 | Build | Palisade Wall |
| 15:15 | Create | Villager (Male) |
| 15:15 | Create | Villager (Male) |
| 15:18 | Create | Villager (Male) |
| 15:21 | Create | Skirmisher ×5 |
| 15:29 | Build | House |
| 15:31 | Build | House |
| 16:16 | Build | Farm |
| 16:17 | Build | Farm |
| 16:25 | Build | Blacksmith |
| 16:42 | Create | Villager (Male) |
| 16:44 | Create | Villager (Male) |
| 16:55 | Build | Mining Camp |
| 17:18 | Build | Lumber Camp |
| 19:01 | Build | Archery Range |
| 19:20 | Research | Castle Age |
| 19:25 | Create | Spearman |
| 19:25 | Create | Spearman |
| 19:33 | Create | Spearman |
| 19:51 | Create | Archer ×5 |
| 19:53 | Create | Spearman |
| 20:06 | Create | Spearman |
| 20:09 | Create | Archer |
| 20:28 | Create | Spearman |
| 21:18 | Build | Farm |
| 21:19 | Build | Farm |
| 21:22 | Build | Farm |
| 21:25 | Create | Villager (Male) |
| 21:25 | Create | Villager (Male) |
| 21:54 | Create | Skirmisher ×5 |
| 22:00 | Age | Castle Age |
| 22:02 | Build | House |
| 22:02 | Build | House |
| 22:02 | Build | House |
| 22:08 | Build | Farm |
| 22:10 | Research | Elite Skirmisher (upgrade) |
| 22:13 | Create | Skirmisher |
| 22:16 | Create | Skirmisher |
| 22:29 | Research | Crossbowman (upgrade) |
| 22:40 | Create | Villager (Male) |
| 22:59 | Build | Town Center |
| 23:23 | Research | Pikeman (upgrade) |
| 24:00 | Create | Villager (Male) |
| 24:00 | Create | Villager (Male) |
| 24:09 | Create | Spearman |
| 24:10 | Create | Spearman |
| 24:27 | Create | Villager (Male) |
| 24:28 | Create | Villager (Male) |
| 24:32 | Create | Villager (Male) |
| 25:59 | Create | Skirmisher ×5 |
| 26:00 | Create | Skirmisher ×5 |
| 26:14 | Create | Spearman |
| 26:33 | Create | Spearman |
| 26:51 | Create | Villager (Male) |
| 27:23 | Research | Town Watch |
| 27:29 | Build | Farm |
| 27:37 | Create | Skirmisher ×4 |
| 28:11 | Build | Castle |
| 29:01 | Build | Market |
| 30:06 | Build | University |
| 30:10 | Create | Villager (Male) ×5 |
| 30:17 | Create | Villager (Male) |
| 30:30 | Create | Villager (Male) |
| 30:36 | Create | Villager (Male) |
| 30:39 | Create | Genoese Crossbowman ×5 |
| 30:41 | Create | Genoese Crossbowman ×2 |
| 30:43 | Create | Skirmisher ×5 |
| 30:43 | Create | Skirmisher ×3 |
| 30:49 | Build | Farm |
| 31:17 | Build | Mill |
| 31:19 | Build | Farm |
| 31:22 | Build | Farm |
| 31:40 | Build | Farm |
| 31:42 | Build | Farm |
| 31:44 | Build | Farm |
| 31:46 | Build | Farm |
| 31:50 | Build | Farm |
| 31:56 | Create | Spearman |
| 31:56 | Create | Spearman |
| 31:57 | Create | Spearman |
| 32:02 | Create | Villager (Male) |
| 32:03 | Create | Villager (Male) |
| 32:09 | Create | Villager (Male) |
| 32:26 | Build | Outpost |
| 32:43 | Create | Villager (Male) ×3 |
| 33:16 | Research | Ballistics |
| 35:28 | Create | Genoese Crossbowman ×5 |
| 35:29 | Create | Genoese Crossbowman ×3 |
| 35:30 | Create | Skirmisher ×5 |
| 35:31 | Create | Skirmisher ×5 |
| 35:36 | Create | Skirmisher ×5 |
| 35:41 | Research | Padded Archer Armor |
| 35:56 | Create | Villager (Male) |
| 35:56 | Create | Villager (Male) |
| 35:56 | Create | Villager (Male) |
| 36:02 | Create | Villager (Male) |
| 36:02 | Create | Villager (Male) |
| 36:05 | Create | Villager (Male) |
| 36:35 | Build | House |
Build order — AllweneedisU
First 150 of 795 actions detected
| 0:43 | Build | House |
| 0:45 | Build | House |
| 0:45 | Create | Villager (Male) |
| 0:45 | Create | Villager (Male) |
| 0:46 | Create | Villager (Male) |
| 0:46 | Create | Villager (Male) |
| 1:10 | Build | House |
| 1:11 | Build | House |
| 2:14 | Create | Villager (Male) |
| 3:11 | Build | Lumber Camp |
| 3:13 | Create | Villager (Male) |
| 3:17 | Create | Villager (Male) |
| 3:52 | Create | Villager (Male) |
| 3:59 | Create | Villager (Male) |
| 4:00 | Create | Villager (Male) |
| 4:33 | Create | Villager (Male) |
| 4:33 | Create | Villager (Male) |
| 4:40 | Create | Villager (Male) |
| 4:41 | Create | Villager (Male) |
| 5:10 | Create | Villager (Male) |
| 5:48 | Create | Villager (Male) |
| 5:55 | Build | Mill |
| 6:13 | Create | Villager (Male) |
| 6:14 | Create | Villager (Male) |
| 6:20 | Create | Villager (Male) |
| 6:59 | Create | Villager (Male) |
| 7:00 | Create | Villager (Male) |
| 7:45 | Create | Villager (Male) |
| 7:46 | Create | Villager (Male) |
| 7:46 | Create | Villager (Male) |
| 8:10 | Create | Villager (Male) |
| 8:13 | Create | Villager (Male) |
| 8:24 | Build | Mining Camp |
| 8:45 | Create | Villager (Male) |
| 8:45 | Create | Villager (Male) |
| 8:45 | Create | Villager (Male) |
| 8:47 | Create | Villager (Male) |
| 8:47 | Create | Villager (Male) |
| 8:48 | Create | Villager (Male) |
| 8:58 | Build | House |
| 9:25 | Create | Villager (Male) |
| 9:36 | Build | Farm |
| 9:36 | Build | Farm |
| 9:37 | Build | Farm |
| 9:37 | Build | Farm |
| 9:38 | Build | Farm |
| 9:42 | Create | Villager (Male) |
| 9:57 | Build | House |
| 9:59 | Build | House |
| 10:15 | Build | Farm |
| 10:15 | Build | Farm |
| 10:16 | Build | Farm |
| 10:36 | Build | Farm |
| 11:20 | Build | Farm |
| 11:35 | Research | Feudal Age |
| 12:08 | Build | Barracks |
| 12:10 | Build | House |
| 12:19 | Build | House |
| 12:20 | Build | House |
| 12:21 | Build | House |
| 12:26 | Build | House |
| 12:35 | Build | House |
| 12:40 | Build | House |
| 12:45 | Build | House |
| 12:46 | Build | House |
| 12:51 | Build | House |
| 13:33 | Research | Loom |
| 13:38 | Build | House |
| 13:45 | Age | Feudal Age |
| 13:51 | Create | Spearman |
| 13:59 | Build | Archery Range |
| 14:57 | Build | Lumber Camp |
| 15:00 | Research | Double-Bit Axe |
| 15:04 | Create | Spearman |
| 15:23 | Create | Villager (Male) |
| 15:23 | Create | Villager (Male) |
| 15:23 | Create | Villager (Male) |
| 15:28 | Create | Spearman |
| 16:15 | Create | Villager (Male) |
| 16:16 | Create | Villager (Male) |
| 16:16 | Create | Villager (Male) |
| 16:17 | Create | Villager (Male) |
| 16:39 | Build | Farm |
| 16:43 | Build | Farm |
| 16:43 | Build | Farm |
| 16:43 | Build | Farm |
| 16:44 | Build | Farm |
| 16:44 | Build | Farm |
| 16:46 | Create | Villager (Male) |
| 16:47 | Create | Villager (Male) |
| 16:47 | Create | Villager (Male) |
| 16:47 | Create | Villager (Male) |
| 16:47 | Create | Villager (Male) |
| 17:11 | Build | Farm |
| 17:12 | Build | Farm |
| 17:13 | Build | Farm |
| 17:14 | Create | Villager (Male) |
| 18:02 | Build | House |
| 18:04 | Build | House |
| 18:05 | Build | House |
| 18:07 | Build | House |
| 18:15 | Build | Lumber Camp |
| 18:22 | Create | Villager (Male) |
| 18:24 | Create | Villager (Male) |
| 18:37 | Create | Villager (Male) |
| 18:57 | Build | Palisade Wall |
| 19:01 | Build | Palisade Wall |
| 19:11 | Create | Villager (Male) |
| 19:14 | Build | Farm |
| 19:14 | Build | Farm |
| 19:15 | Build | Farm |
| 19:15 | Build | Farm |
| 19:15 | Build | Farm |
| 19:15 | Build | Farm |
| 19:16 | Build | Farm |
| 19:16 | Build | Farm |
| 19:17 | Build | Farm |
| 19:18 | Build | Farm |
| 19:18 | Build | Farm |
| 19:26 | Create | Villager (Male) |
| 19:37 | Create | Archer |
| 19:38 | Create | Archer |
| 19:39 | Create | Archer |
| 19:39 | Create | Archer |
| 19:40 | Create | Archer |
| 19:49 | Build | Palisade Gate |
| 19:51 | Build | House |
| 20:12 | Create | Villager (Male) |
| 20:20 | Build | House |
| 20:21 | Build | House |
| 20:26 | Create | Villager (Male) |
| 20:33 | Research | Horse Collar |
| 20:43 | Build | Archery Range |
| 20:55 | Create | Villager (Male) |
| 20:56 | Create | Villager (Male) |
| 21:10 | Create | Villager (Male) |
| 21:11 | Create | Villager (Male) |
| 21:13 | Create | Villager (Male) |
| 21:53 | Create | Archer |
| 21:54 | Create | Archer |
| 21:55 | Create | Archer |
| 21:55 | Create | Archer |
| 22:22 | Create | Skirmisher |
| 22:23 | Create | Skirmisher |
| 22:23 | Create | Skirmisher |
| 22:24 | Create | Skirmisher |
| 22:38 | Build | House |
| 22:45 | Build | Mining Camp |
| 23:05 | Create | Spearman |
| 23:06 | Create | Spearman |
Build order — Martín
First 150 of 623 actions detected
| 0:01 | Create | Villager (Male) |
| 0:02 | Create | Villager (Male) |
| 0:02 | Create | Villager (Male) |
| 0:03 | Build | House |
| 0:04 | Build | House |
| 0:06 | Create | Villager (Male) |
| 0:06 | Create | Villager (Male) |
| 1:31 | Create | Villager (Male) |
| 1:32 | Create | Villager (Male) |
| 1:44 | Build | Lumber Camp |
| 1:59 | Create | Villager (Male) |
| 2:23 | Create | Villager (Male) |
| 2:54 | Create | Villager (Male) |
| 3:17 | Create | Villager (Male) |
| 3:24 | Build | House |
| 3:37 | Create | Villager (Male) |
| 3:41 | Build | House |
| 4:09 | Create | Villager (Male) |
| 4:16 | Build | Mill |
| 4:43 | Create | Villager (Male) |
| 5:04 | Create | Villager (Male) |
| 5:33 | Create | Villager (Male) |
| 5:38 | Create | Villager (Male) |
| 6:21 | Create | Villager (Male) |
| 6:43 | Create | Villager (Male) |
| 7:09 | Research | Loom |
| 7:27 | Build | Lumber Camp |
| 7:40 | Research | Feudal Age |
| 7:40 | Research | Feudal Age |
| 8:13 | Build | Farm |
| 8:15 | Build | Farm |
| 8:44 | Build | Barracks |
| 9:25 | Create | Villager (Male) |
| 9:25 | Create | Villager (Male) |
| 9:50 | Age | Feudal Age |
| 9:53 | Build | Stable |
| 10:15 | Build | House |
| 10:33 | Create | Scout Cavalry |
| 10:34 | Create | Scout Cavalry |
| 10:34 | Create | Scout Cavalry |
| 10:44 | Create | Villager (Male) |
| 10:46 | Create | Villager (Male) |
| 10:48 | Research | Double-Bit Axe |
| 10:50 | Build | Farm |
| 10:56 | Build | Farm |
| 11:12 | Build | House |
| 11:16 | Build | Farm |
| 11:29 | Create | Scout Cavalry |
| 11:31 | Create | Villager (Male) |
| 11:38 | Build | Farm |
| 11:55 | Build | Farm |
| 11:59 | Create | Villager (Male) |
| 12:02 | Build | Farm |
| 12:12 | Build | House |
| 12:16 | Build | Palisade Gate |
| 12:22 | Create | Villager (Male) |
| 12:30 | Build | Farm |
| 12:42 | Create | Villager (Male) |
| 12:48 | Build | Farm |
| 13:09 | Build | Farm |
| 13:10 | Create | Villager (Male) |
| 13:21 | Create | Villager (Male) |
| 13:26 | Build | Farm |
| 13:32 | Build | Farm |
| 13:51 | Build | Mining Camp |
| 14:05 | Create | Villager (Male) |
| 14:25 | Create | Villager (Male) |
| 14:50 | Create | Villager (Male) |
| 15:01 | Build | House |
| 15:22 | Create | Villager (Male) |
| 15:29 | Build | Lumber Camp |
| 15:35 | Build | Blacksmith |
| 15:38 | Build | Market |
| 15:44 | Build | Market |
| 15:45 | Create | Villager (Male) |
| 16:08 | Create | Villager (Male) |
| 16:11 | Build | Farm |
| 16:13 | Build | Farm |
| 16:15 | Build | Farm |
| 16:47 | Research | Castle Age |
| 16:47 | Research | Castle Age |
| 17:36 | Build | House |
| 17:37 | Build | House |
| 17:38 | Build | House |
| 18:07 | Research | Horse Collar |
| 18:49 | Build | Archery Range |
| 18:52 | Build | Archery Range |
| 18:58 | Build | House |
| 19:03 | Research | Gold Mining |
| 19:27 | Age | Castle Age |
| 19:31 | Create | Villager (Male) |
| 19:31 | Create | Villager (Male) |
| 19:34 | Research | Wheelbarrow |
| 19:38 | Build | House |
| 19:39 | Research | Crossbowman (upgrade) |
| 19:41 | Research | Fletching |
| 19:47 | Create | Villager (Male) |
| 19:47 | Create | Villager (Male) |
| 20:16 | Research | Padded Archer Armor |
| 20:18 | Create | Archer |
| 20:19 | Create | Archer |
| 20:24 | Create | Villager (Male) |
| 20:31 | Build | Town Center |
| 20:35 | Research | Bow Saw |
| 20:39 | Create | Archer |
| 20:39 | Create | Archer |
| 20:39 | Create | Archer |
| 20:51 | Create | Archer |
| 20:53 | Create | Archer |
| 21:23 | Research | Bodkin Arrow |
| 21:38 | Create | Villager (Male) |
| 21:38 | Create | Villager (Male) |
| 21:39 | Create | Villager (Male) |
| 22:16 | Create | Archer |
| 22:16 | Create | Archer |
| 22:16 | Create | Archer |
| 22:17 | Create | Archer |
| 22:17 | Create | Villager (Male) |
| 22:17 | Create | Villager (Male) |
| 22:18 | Create | Villager (Male) |
| 22:31 | Create | Villager (Male) |
| 22:32 | Create | Villager (Male) |
| 22:35 | Build | Mining Camp |
| 22:37 | Create | Archer |
| 22:38 | Create | Archer |
| 22:54 | Build | Farm |
| 22:56 | Build | Farm |
| 22:57 | Build | Farm |
| 23:15 | Create | Archer |
| 23:15 | Create | Archer |
| 23:21 | Create | Villager (Male) |
| 23:23 | Create | Villager (Male) |
| 23:24 | Create | Villager (Male) |
| 23:55 | Create | Villager (Male) |
| 23:55 | Create | Villager (Male) |
| 23:55 | Create | Villager (Male) |
| 24:13 | Research | Leather Archer Armor |
| 24:15 | Research | Thumb Ring |
| 24:20 | Create | Archer ×3 |
| 24:23 | Create | Villager (Male) |
| 24:23 | Create | Villager (Male) |
| 24:24 | Create | Villager (Male) |
| 24:27 | Build | Monastery |
| 24:31 | Build | University |
| 25:43 | Create | Villager (Male) |
| 25:43 | Create | Villager (Male) |
| 25:43 | Create | Villager (Male) |
| 26:17 | Create | Villager (Male) |
| 26:18 | Create | Villager (Male) |
| 26:18 | Create | Villager (Male) |
Build order — Kuru Gotlu Lale
First 150 of 556 actions detected
| 0:01 | Create | Villager (Male) |
| 0:01 | Create | Villager (Male) |
| 0:01 | Create | Villager (Male) |
| 0:02 | Create | Villager (Male) |
| 0:02 | Create | Villager (Male) |
| 0:03 | Build | House |
| 0:06 | Build | House |
| 1:24 | Create | Villager (Male) |
| 1:24 | Create | Villager (Male) |
| 2:28 | Create | Villager (Male) |
| 2:28 | Create | Villager (Male) |
| 2:29 | Create | Villager (Male) |
| 3:01 | Create | Villager (Male) |
| 3:23 | Create | Villager (Male) |
| 3:24 | Create | Villager (Male) |
| 3:31 | Build | Lumber Camp |
| 3:36 | Build | House |
| 3:43 | Create | Villager (Male) |
| 3:53 | Create | Villager (Male) |
| 4:46 | Create | Villager (Male) |
| 5:21 | Create | Villager (Male) |
| 5:21 | Create | Villager (Male) |
| 5:21 | Create | Villager (Male) |
| 5:36 | Build | House |
| 5:55 | Create | Villager (Male) |
| 6:06 | Build | Mill |
| 6:48 | Create | Villager (Male) |
| 6:49 | Create | Villager (Male) |
| 6:49 | Create | Villager (Male) |
| 7:05 | Create | Villager (Male) |
| 7:06 | Create | Villager (Male) |
| 7:17 | Create | Villager (Male) |
| 8:01 | Create | Villager (Male) |
| 8:14 | Build | House |
| 8:16 | Build | House |
| 8:24 | Create | Villager (Male) |
| 8:48 | Build | Mill |
| 8:57 | Build | Mining Camp |
| 9:21 | Create | Villager (Male) |
| 9:22 | Create | Villager (Male) |
| 9:36 | Research | Loom |
| 9:40 | Build | House |
| 9:42 | Build | House |
| 9:43 | Build | House |
| 10:11 | Research | Feudal Age |
| 10:44 | Build | House |
| 10:51 | Create | Villager (Male) |
| 10:51 | Create | Villager (Male) |
| 11:14 | Build | Palisade Wall |
| 11:19 | Build | Palisade Wall |
| 11:35 | Build | Palisade Gate |
| 12:17 | Build | Dock |
| 12:35 | Build | Lumber Camp |
| 12:54 | Build | Lumber Camp |
| 12:58 | Age | Feudal Age |
| 13:01 | Create | Villager (Male) |
| 13:05 | Create | Villager (Male) |
| 13:41 | Create | Fishing Ship |
| 13:50 | Create | Villager (Male) |
| 13:57 | Research | Horse Collar |
| 14:20 | Build | Palisade Wall |
| 14:29 | Build | Farm |
| 14:30 | Create | Villager (Male) |
| 14:31 | Create | Villager (Male) |
| 14:31 | Create | Villager (Male) |
| 14:41 | Build | Farm |
| 14:49 | Create | Fishing Ship |
| 14:49 | Create | Fishing Ship |
| 14:49 | Create | Fishing Ship |
| 15:12 | Build | Farm |
| 15:34 | Build | Farm |
| 15:41 | Build | House |
| 15:48 | Build | House |
| 15:51 | Build | House |
| 15:54 | Build | House |
| 16:08 | Build | House |
| 16:22 | Build | Farm |
| 16:24 | Build | Farm |
| 16:52 | Build | Barracks |
| 16:56 | Build | House |
| 16:58 | Build | House |
| 16:59 | Build | House |
| 17:04 | Build | House |
| 17:47 | Create | Demolition Raft |
| 17:49 | Create | Fishing Ship |
| 17:49 | Create | Fishing Ship |
| 17:51 | Create | Fishing Ship |
| 18:01 | Create | Villager (Male) |
| 18:01 | Create | Villager (Male) |
| 18:01 | Create | Villager (Male) |
| 18:12 | Build | Market |
| 18:18 | Build | House |
| 18:33 | Build | Blacksmith |
| 19:11 | Build | Farm |
| 19:20 | Build | Farm |
| 19:24 | Build | Farm |
| 19:25 | Research | Castle Age |
| 19:29 | Research | Wheelbarrow |
| 19:29 | Research | Town Watch |
| 19:37 | Create | Fishing Ship |
| 19:38 | Create | Fishing Ship |
| 19:38 | Create | Fishing Ship |
| 20:04 | Build | Dock |
| 20:13 | Research | Gold Mining |
| 20:17 | Create | Villager (Male) |
| 20:17 | Create | Villager (Male) |
| 20:42 | Build | House |
| 20:44 | Build | House |
| 20:57 | Research | Stone Mining |
| 21:06 | Create | Villager (Male) |
| 21:07 | Create | Villager (Male) |
| 21:19 | Create | Fishing Ship |
| 21:19 | Create | Fishing Ship |
| 21:23 | Research | Tech 906 |
| 21:24 | Create | Fishing Ship |
| 21:25 | Create | Fishing Ship |
| 21:25 | Create | Fishing Ship |
| 22:04 | Research | Forging |
| 22:05 | Age | Castle Age |
| 22:07 | Research | Scale Barding Armor |
| 22:09 | Research | Padded Archer Armor |
| 22:31 | Build | Town Center |
| 22:54 | Build | Town Center |
| 23:05 | Research | Heavy Plow |
| 23:27 | Research | Gillnets |
| 23:38 | Create | Villager (Male) |
| 23:38 | Create | Villager (Male) |
| 23:49 | Create | Villager (Male) |
| 23:49 | Create | Villager (Male) |
| 23:49 | Create | Villager (Male) |
| 23:49 | Create | Villager (Male) |
| 23:50 | Create | Villager (Male) |
| 23:50 | Create | Villager (Male) |
| 23:55 | Create | Villager (Male) |
| 24:09 | Build | Monastery |
| 24:16 | Build | Mining Camp |
| 24:22 | Build | University |
| 24:26 | Create | Fishing Ship |
| 24:30 | Create | Fishing Ship |
| 24:55 | Research | Gold Shaft Mining |
| 24:58 | Create | Villager (Male) |
| 25:03 | Create | Villager (Male) |
| 25:04 | Create | Villager (Male) |
| 25:04 | Create | Villager (Male) |
| 25:23 | Create | Monk |
| 25:34 | Research | Fervor |
| 25:36 | Create | Monk |
| 25:47 | Create | Villager (Male) |
| 26:01 | Research | Hand Cart |
| 26:02 | Create | Villager (Male) |
Build order — 🎀Juri Matera🎀
First 150 of 698 actions detected
| 0:06 | Research | Loom |
| 0:55 | Create | Villager (Male) |
| 1:26 | Build | Lumber Camp |
| 1:34 | Create | Villager (Male) |
| 1:55 | Create | Villager (Male) |
| 2:58 | Create | Villager (Male) |
| 3:06 | Create | Villager (Male) |
| 3:35 | Create | Villager (Male) |
| 3:43 | Build | House |
| 3:46 | Build | House |
| 4:04 | Create | Villager (Male) |
| 4:05 | Create | Villager (Male) |
| 5:20 | Create | Villager (Male) |
| 5:20 | Create | Villager (Male) |
| 5:27 | Create | Villager (Male) |
| 5:27 | Create | Villager (Male) |
| 6:03 | Create | Villager (Male) |
| 6:26 | Build | Mill |
| 6:59 | Build | Mill |
| 7:37 | Create | Villager (Male) |
| 7:37 | Create | Villager (Male) |
| 8:51 | Research | Feudal Age |
| 9:27 | Build | Barracks |
| 9:58 | Build | House |
| 10:30 | Create | Villager (Male) |
| 10:31 | Create | Villager (Male) |
| 10:31 | Create | Villager (Male) |
| 10:50 | Build | Lumber Camp |
| 11:01 | Age | Feudal Age |
| 11:20 | Build | Farm |
| 11:22 | Build | Farm |
| 11:52 | Create | Villager (Male) |
| 12:00 | Build | Farm |
| 12:41 | Build | Farm |
| 13:10 | Build | Farm |
| 13:24 | Build | Stable |
| 13:56 | Build | House |
| 14:08 | Create | Villager (Male) |
| 14:08 | Create | Villager (Male) |
| 14:09 | Create | Villager (Male) |
| 14:10 | Create | Villager (Male) |
| 14:10 | Create | Villager (Male) |
| 14:13 | Research | Double-Bit Axe |
| 14:27 | Build | Lumber Camp |
| 14:47 | Build | Mining Camp |
| 15:29 | Build | Palisade Wall |
| 15:58 | Research | Gold Mining |
| 16:02 | Build | Farm |
| 16:09 | Create | Villager (Male) |
| 16:09 | Create | Villager (Male) |
| 16:09 | Create | Villager (Male) |
| 16:52 | Build | Blacksmith |
| 17:08 | Build | House |
| 17:25 | Create | Villager (Male) |
| 17:30 | Build | Farm |
| 17:32 | Build | Farm |
| 17:34 | Build | Farm |
| 17:39 | Build | Lumber Camp |
| 17:44 | Build | Farm |
| 17:58 | Build | Farm |
| 18:08 | Research | Castle Age |
| 18:42 | Create | Scout Cavalry |
| 19:11 | Create | Scout Cavalry |
| 19:41 | Create | Villager (Male) |
| 19:42 | Create | Villager (Male) |
| 19:57 | Build | Farm |
| 19:59 | Build | Farm |
| 20:00 | Build | Farm |
| 20:48 | Age | Castle Age |
| 21:19 | Build | Farm |
| 21:31 | Build | Town Center |
| 21:40 | Research | Light Cavalry (upgrade) |
| 21:41 | Create | Scout Cavalry |
| 21:42 | Create | Scout Cavalry |
| 21:42 | Create | Scout Cavalry |
| 21:43 | Create | Scout Cavalry |
| 21:55 | Create | Villager (Male) |
| 21:56 | Create | Villager (Male) |
| 22:12 | Build | Farm |
| 22:32 | Build | House |
| 22:33 | Build | House |
| 22:34 | Build | House |
| 22:43 | Build | House |
| 22:46 | Create | Villager (Male) |
| 22:46 | Create | Villager (Male) |
| 22:47 | Create | Villager (Male) |
| 22:49 | Build | Farm |
| 22:59 | Research | Horse Collar |
| 23:15 | Create | Scout Cavalry |
| 23:22 | Create | Villager (Male) |
| 23:22 | Create | Villager (Male) |
| 23:28 | Create | Villager (Male) |
| 23:33 | Build | Farm |
| 23:45 | Build | Town Center |
| 23:50 | Build | Farm |
| 23:55 | Create | Villager (Male) |
| 23:55 | Create | Villager (Male) |
| 23:55 | Create | Villager (Male) |
| 24:17 | Research | Fletching |
| 24:33 | Build | Palisade Wall |
| 24:39 | Build | Farm |
| 24:40 | Create | Villager (Male) |
| 24:43 | Create | Villager (Male) |
| 24:43 | Create | Villager (Male) |
| 25:46 | Build | Farm |
| 25:50 | Build | Farm |
| 25:52 | Create | Villager (Male) |
| 25:53 | Create | Villager (Male) |
| 25:53 | Create | Villager (Male) |
| 25:53 | Create | Villager (Male) |
| 25:53 | Create | Villager (Male) |
| 25:58 | Create | Villager (Male) |
| 25:59 | Create | Villager (Male) |
| 25:59 | Create | Villager (Male) |
| 26:15 | Build | Farm |
| 26:17 | Create | Villager (Male) |
| 26:18 | Create | Villager (Male) |
| 26:18 | Create | Villager (Male) |
| 26:38 | Build | Palisade Wall |
| 26:52 | Create | Villager (Male) |
| 26:58 | Build | Farm |
| 27:03 | Build | Farm |
| 27:04 | Build | Farm |
| 27:11 | Create | Villager (Male) |
| 27:12 | Create | Villager (Male) |
| 27:12 | Create | Villager (Male) |
| 27:23 | Research | Padded Archer Armor |
| 27:24 | Research | Bodkin Arrow |
| 27:42 | Create | Villager (Male) |
| 27:47 | Build | Farm |
| 27:50 | Build | Farm |
| 27:58 | Create | Villager (Male) |
| 28:05 | Create | Villager (Male) |
| 28:05 | Create | Villager (Male) |
| 28:05 | Create | Villager (Male) |
| 28:07 | Create | Scout Cavalry |
| 28:08 | Create | Scout Cavalry |
| 28:08 | Create | Scout Cavalry |
| 28:18 | Research | Heavy Plow |
| 28:39 | Build | Palisade Wall |
| 28:44 | Create | Villager (Male) |
| 28:44 | Create | Villager (Male) |
| 28:44 | Create | Villager (Male) |
| 28:51 | Create | Villager (Male) |
| 28:51 | Create | Villager (Male) |
| 28:52 | Create | Villager (Male) |
| 29:10 | Build | Palisade Wall |
| 29:31 | Build | Palisade Gate |
| 29:41 | Create | Scout Cavalry |
| 29:41 | Create | Scout Cavalry |
Match timeline
| 8:37 | Cairo · first_building Barracks |
| 8:44 | Martín · first_building Barracks |
| 9:27 | 🎀Juri Matera🎀 · first_building Barracks |
| 9:50 | Martín · age_up feudal |
| 9:53 | Martín · first_building Stable |
| 10:54 | Cairo · wall_segment Palisade Wall x2 |
| 10:57 | Cairo · wall_segment Palisade Wall x1 |
| 11:00 | Cairo · wall_segment Palisade Wall x12 |
| 11:01 | 🎀Juri Matera🎀 · age_up feudal |
| 11:03 | Cairo · wall_segment Palisade Wall x6 |
| 11:14 | Kuru Gotlu Lale · wall_segment Palisade Wall x14 |
| 11:19 | Kuru Gotlu Lale · wall_segment Palisade Wall x16 |
| 12:08 | AllweneedisU · first_building Barracks |
| 12:17 | Kuru Gotlu Lale · first_building Dock |
| 12:27 | Cairo · wall_segment Palisade Wall x4 |
| 12:58 | Kuru Gotlu Lale · age_up feudal |
| 13:24 | 🎀Juri Matera🎀 · first_building Stable |
| 13:29 | Cairo · age_up feudal |
| 13:32 | Karin · age_up feudal |
| 13:45 | AllweneedisU · age_up feudal |
| 13:59 | AllweneedisU · first_building Archery Range |
| 14:06 | Karin · first_building Barracks |
| 14:20 | Kuru Gotlu Lale · wall_segment Palisade Wall x7 |
| 14:20 | Cairo · first_building Archery Range |
| 14:46 | Karin · first_building Stable |
| 14:52 | Cairo · wall_segment Palisade Wall x2 |
| 15:29 | 🎀Juri Matera🎀 · wall_segment Palisade Wall x3 |
| 16:52 | Kuru Gotlu Lale · first_building Barracks |
| 17:51 | Karin · age_up castle |
| 18:49 | Martín · first_building Archery Range |
| 18:57 | AllweneedisU · wall_segment Palisade Wall x13 |
| 19:01 | AllweneedisU · wall_segment Palisade Wall x5 |
| 19:27 | Martín · age_up castle |
| 20:48 | 🎀Juri Matera🎀 · age_up castle |
| 22:00 | Cairo · age_up castle |
| 22:05 | Kuru Gotlu Lale · age_up castle |
| 24:09 | Kuru Gotlu Lale · first_building Monastery |
| 24:27 | Martín · first_building Monastery |
| 24:33 | 🎀Juri Matera🎀 · wall_segment Palisade Wall x14 |
| 26:38 | 🎀Juri Matera🎀 · wall_segment Palisade Wall x15 |
| 26:43 | AllweneedisU · first_building Stable |
| 27:15 | AllweneedisU · wall_segment Palisade Wall x1 |
| 28:11 | Cairo · first_building Castle |
| 28:22 | AllweneedisU · age_up castle |
| 28:39 | AllweneedisU · first_building Siege Workshop |
| 28:39 | 🎀Juri Matera🎀 · wall_segment Palisade Wall x20 |
| 29:01 | Karin · first_building Castle |
| 29:10 | 🎀Juri Matera🎀 · wall_segment Palisade Wall x9 |
| 29:18 | Kuru Gotlu Lale · first_building Castle |
| 29:31 | AllweneedisU · wall_segment Palisade Wall x1 |
| 30:34 | Cairo · first_market_buy 100 food |
| 30:38 | Karin · first_building Archery Range |
| 31:42 | 🎀Juri Matera🎀 · wall_segment Palisade Wall x15 |
| 31:59 | Martín · first_market_sell 100 food |
| 32:26 | 🎀Juri Matera🎀 · wall_segment Palisade Wall x4 |
| 32:30 | Kuru Gotlu Lale · first_building Stable |
| 33:17 | 🎀Juri Matera🎀 · first_building Monastery |
| 33:35 | 🎀Juri Matera🎀 · wall_segment Palisade Wall x11 |
| 34:23 | Kuru Gotlu Lale · age_up imperial |
| 35:13 | Martín · age_up imperial |
| 35:18 | Karin · age_up imperial |
| 36:10 | 🎀Juri Matera🎀 · first_building Castle |
| 36:52 | Karin · first_building Monastery |
| 37:27 | Martín · first_building Siege Workshop |
| 38:11 | AllweneedisU · wall_segment Stone Wall x23 |
| 38:13 | Cairo · first_building Siege Workshop |
| 38:36 | Martín · first_building Castle |
| 40:01 | 🎀Juri Matera🎀 · first_market_buy 100 wood |
| 41:51 | 🎀Juri Matera🎀 · age_up imperial |
| 42:35 | Cairo · first_market_sell 500 food |
| 42:47 | Kuru Gotlu Lale · first_building Siege Workshop |
| 43:29 | AllweneedisU · age_up imperial |
| 43:51 | Cairo · wall_segment Stone Wall x5 |
| 44:14 | AllweneedisU · first_building Castle |
| 45:48 | Cairo · age_up imperial |
| 46:28 | 🎀Juri Matera🎀 · first_building Archery Range |
| 46:47 | Kuru Gotlu Lale · wall_segment Stone Wall x58 |
| 47:36 | Martín · wall_segment Stone Wall x3 |
| 47:37 | Martín · wall_segment Stone Wall x3 |
| 48:17 | Martín · first_market_buy 100 stone |
| 51:30 | Kuru Gotlu Lale · first_market_sell 500 wood |
| 52:11 | 🎀Juri Matera🎀 · wall_segment Stone Wall x6 |
| 53:20 | Cairo · first_building Dock |
| 53:36 | 🎀Juri Matera🎀 · wall_segment Stone Wall x6 |
| 54:31 | Cairo · wall_segment Stone Wall x4 |
| 54:40 | Cairo · wall_segment Stone Wall x1 |
| 54:47 | AllweneedisU · wall_segment Stone Wall x15 |
| 55:24 | AllweneedisU · tribute_sent a jugador 1 |
| 55:24 | AllweneedisU · tribute_sent a jugador 2 |
| 55:24 | AllweneedisU · tribute_sent a jugador 4 |
| 55:24 | AllweneedisU · tribute_sent a jugador 5 |
| 55:24 | AllweneedisU · tribute_sent a jugador 6 |
| 55:49 | AllweneedisU · wall_segment Stone Wall x2 |
| 57:31 | AllweneedisU · wall_segment Stone Wall x15 |
| 58:00 | Cairo · wall_segment Stone Wall x11 |
| 58:31 | Cairo · wall_segment Stone Wall x2 |
| 59:36 | Kuru Gotlu Lale · wall_segment Stone Wall x22 |
| 60:17 | Kuru Gotlu Lale · wall_segment Stone Wall x16 |
| 64:03 | 🎀Juri Matera🎀 · wall_segment Stone Wall x6 |
| 64:12 | AllweneedisU · wall_segment Stone Wall x21 |
| 65:19 | Martín · wall_segment Stone Wall x14 |
| 66:00 | 🎀Juri Matera🎀 · wall_segment Stone Wall x3 |
| 68:49 | AllweneedisU · wall_segment Stone Wall x20 |
| 70:32 | AllweneedisU · wall_segment Stone Wall x25 |
| 70:50 | Cairo · first_building Stable |
| 71:07 | 🎀Juri Matera🎀 · first_market_sell 100 wood |
| 73:04 | Martín · wall_segment Stone Wall x2 |
| 73:06 | Martín · wall_segment Stone Wall x5 |
| 73:24 | AllweneedisU · wall_segment Stone Wall x24 |
| 73:29 | AllweneedisU · wall_segment Palisade Wall x28 |
| 75:25 | AllweneedisU · resign |
| 84:53 | 🎀Juri Matera🎀 · tribute_sent a jugador 1 |
| 84:53 | 🎀Juri Matera🎀 · tribute_sent a jugador 2 |
| 84:53 | 🎀Juri Matera🎀 · tribute_sent a jugador 3 |
| 84:53 | 🎀Juri Matera🎀 · tribute_sent a jugador 4 |
| 84:53 | 🎀Juri Matera🎀 · tribute_sent a jugador 5 |
| 89:07 | Martín · first_building Dock |
[ AI ANALYSIS · 1 CREDIT ]
What really happened in this match?
Wolo.gg analyzes every decision: build order, eco, micro, common mistakes by bracket. Personalized analysis on WhatsApp or Discord in 30 seconds.
Civ guide
Persians
Perfil
Jugador #20046486